 Dungeon Crawl Stone Soup version 0.30.1-11-g7821555f0a (webtiles) character file.

Game seed: 18081915384304074442

1859 RancidPinata the Covert (level 9, -1/61 HPs)
             Began as an Octopode Delver on Dec 22, 2023.
             Slain by a sky beast (6 damage)
             ... on level 7 of the Dungeon on Dec 23, 2023.
             The game lasted 00:26:52 (7553 turns).

RancidPinata the Covert (Octopode Delver)           Turns: 7553, Time: 00:26:53

Health: -1/61      AC:  1    Str: 12    XL:     9   Next: 13%
Magic:  18/18      EV: 15    Int: 12    God:
Gold:   309        SH:  0    Dex: 20    Spells: 8/8 levels left

rFire   . . .        q - +1 scimitar "Jaoll" {drain, Dex+3 Stlth+}
rCold   + . .        (no shield)
rNeg    . . .        (helmet restricted)
rPois   .            (no amulet)
rElec   .            m - ring of protection from cold
rCorr   +            s - ring of magical power
SInv    .            t - ring of resist corrosion
Will    .....        x - ring of ice
Stlth   +++++++      o - ring of fire
HPRegen 0.30/turn    (no ring)
MPRegen 0.16/turn    (no ring)
                     (no ring)

%: no passive effects
@: studying Shields
A: almost no armour, amphibious, 8 rings, camouflage 1, gelatinous body 1,
(nimble swimmer 1), tentacles
a: no special abilities


You were on level 7 of the Dungeon.
You visited 2 branches of the dungeon, and saw 8 of its levels.

You collected 309 gold pieces.

Inventory:

Hand Weapons
 a - a +0 short sword
 q - the +1 scimitar "Jaoll" (weapon) {drain, Dex+3 Stlth+}
   (You found it on level 3 of the Dungeon)

   Dex:       It affects your dexterity (+3).
   Stlth:     It makes you more stealthy.
Missiles
 v - 84 stones (quivered)
 w - 15 poisoned darts
 E - 3 boomerangs
Jewellery
 m - a ring of protection from cold (left tentacle)
 o - a ring of fire (on tentacle)
 r - a ring of fire
 s - a ring of magical power (right tentacle)
 t - a ring of resist corrosion (on tentacle)
 x - a ring of ice (on tentacle)
Wands
 e - a wand of charming (8)
 f - a wand of digging (3)
 C - a wand of flame (15)
Scrolls
 b - 3 scrolls of fog
 c - 2 scrolls of magic mapping
 d - 2 scrolls of fear
 g - 2 scrolls of teleportation {unknown}
 k - 2 scrolls of blinking {unknown}
 l - 12 scrolls of identify {unknown}
 p - a scroll of vulnerability {unknown}
 y - 3 scrolls of amnesia {unknown}
 B - a scroll of poison {unknown}
Potions
 h - a potion of flight {unknown}
 i - a potion of curing
 j - a potion of heal wounds {unknown}
 n - a potion of mutation {unknown}
 u - a potion of berserk rage {unknown}
 z - a potion of magic {unknown}
 A - 2 potions of attraction {unknown}
 D - a potion of resistance {unknown}
 F - a potion of brilliance {unknown}


   Skills:
 + Level 5.1 Fighting
 * Level 6.4(7.1) Short Blades
 * Level 4.4(6.1) Long Blades
 + Level 4.5 Dodging
 * Level 10.9 Stealth


You had 8 spell levels left.
You didn't know any spells.
Your spell library contained the following spells:

 Spells                   Type           Power      Damage    Failure   Level
 Necrotise                Necr           0%         1d4       32%         1
 Vampiric Draining        Necr           0%         2d6       69%         3
 Agony                    Necr           0%         N/A       100%        5


Dungeon Overview and Level Annotations

Branches:
Dungeon (7/15)             Temple (1/1) D:4

Altars:
Ashenzari
Cheibriados
Dithmenos
Elyvilon
Gozag
Kikubaaqudgha
Makhleb
Nemelex Xobeh
Okawaru
Qazlal
Ru
Sif Muna
Trog
Uskayaw
Vehumet
Wu Jian
Xom
Yredelemnul
Zin
The Shining One

Shops:
D:3 *   D:7 *

Annotations:
D:6 Sigmund


Innate Abilities, Weirdness & Mutations

You cannot wear most types of armour.
You are amphibious.
You can wear up to eight rings at the same time.
Your skin changes colour to match your surroundings (Stealth+).
Your rubbery body absorbs attacks. (AC +1, EV +1)
((You are camouflaged when in or above water. (Stealth+)))
You have tentacles for arms and can constrict up to eight enemies at once.


Message History

You constrict the bullfrog. The bullfrog completely misses you.
The bullfrog barely misses you. The hound barely misses you.
You closely miss the hound. Your grab misses the hound.
You constrict the bullfrog. The bullfrog barely misses you.
The hound closely misses you. The bullfrog barely misses you.
The hound barely misses you.
You slash the ogre! You drain the ogre!
The ogre is almost dead.
You constrict the bullfrog. The bullfrog barely misses you.
The hound barely misses you.
The ogre hits you with a +0 giant spiked club!!
You slash the ogre!
You kill the ogre!
You constrict the bullfrog. The bullfrog barely misses you.
The hound bites you. The bullfrog hits you. The hound barely misses you.
You release your grip on the bullfrog.
The hound attacks as you move away! The hound misses you.
The bullfrog hits you but does no damage.
You see here a +0 giant spiked club.
You hit the bullfrog. You grab the bullfrog. You squeeze the bullfrog!
You kill the bullfrog!
The hound completely misses you. The hound bites you.
* * * LOW HITPOINT WARNING * * *
You barely miss the hound. Your grab misses the hound. You squeeze the hound!
The hound is heavily wounded.
The hound barely misses you. Something hits you.
* * * LOW HITPOINT WARNING * * *
Something shocks you.
* * * LOW HITPOINT WARNING * * *
The hound misses you.
You closely miss the hound. You grab the hound. You squeeze the hound!
The hound is almost dead.
You constrict the hound, but do no damage.
The hound closely misses you. Something closely misses you.
You barely miss the hound. You squeeze the hound.
You kill the hound!
Something hits you.
* * * LOW HITPOINT WARNING * * *
Something shocks you.
You die...

#..#...#.#.#.##.#
#.......#...###.#
#.....>..#.####.###
#.#.....##.##.....#
...##...###.##)....#
#### ##.##
#........#
#.####.##.....#
#####.#....##.....#
.......)@..####...#
###..#.#..# ##..#
#..#.#..# ..#
#....∩..# ..#
...........# #
............$.
####.#.....####
...#.....# ...
.....##


There were no monsters in sight!

Vanquished Creatures
  Pikel (D:5)
  A steam dragon (D:7)
  A sky beast (D:7)
  An ogre (D:7)
  An orc warrior (D:6)
  A black bear (D:5)
  A centaur (D:7)
  A lemure (D:4)
  A kobold brigand (D:6)
  A bullfrog (D:7)
  Blork the orc (D:4)
  3 scorpions
  A howler monkey (D:6)
  A jelly (D:5)
  4 hounds
  3 iguanas (D:5)
  Natasha (thrice) (D:4)
  An orc wizard (D:5)
  4 adders
  A white imp (D:5)
  2 worms (D:3)
  3 dart slugs
  11 orcs
  7 endoplasms
  9 giant cockroaches
  7 hobgoblins
  7 jackals
  A quokka (D:5)
  3 ball pythons
  2 bats (D:2)
  A frilled lizard (D:1)
  12 goblins
  9 kobolds
  3 rats
109 creatures vanquished.

Notes
Turn   | Place    | Note
-------+----------+-------------------------------------------
     0 | D:5      | RancidPinata the Octopode Delver began the quest for the
                  | Orb.
     0 | D:5      | Reached XP level 1. HP: 16/16 MP: 1/1
    26 | D:5      | Noticed a lemure
    83 | D:6      | Noticed a hound
    93 | D:6      | Killed a hound
    94 | D:6      | Reached skill level 7 in Stealth
    94 | D:6      | Reached XP level 2. HP: 11/21 MP: 2/2
    94 | D:6      | Reached XP level 3. HP: 13/26 MP: 3/3
   355 | D:7      | Noticed an orc warrior
   477 | D:6      | Noticed a scorpion
   622 | D:7      | Noticed a sky beast
   646 | D:6      | Reached XP level 4. HP: 25/31 MP: 4/4
   763 | D:6      | Reached XP level 5. HP: 30/36 MP: 5/5
   806 | D:6      | Noticed a kobold brigand
   944 | D:5      | Noticed a lemure
   944 | D:5      | Noticed a lemure
   944 | D:5      | Noticed a lemure
   973 | D:5      | Reached skill level 8 in Stealth
  1033 | D:5      | Reached XP level 6. HP: 43/43 MP: 6/6
  1148 | D:5      | Found a white marble altar of Elyvilon.
  1196 | D:5      | Noticed a black bear
  1377 | D:5      | Noticed Pikel
  1396 | D:4      | Found an iron altar of Okawaru.
  1414 | D:4      | Found a staircase to the Ecumenical Temple.
  1428 | Temple   | Entered the Ecumenical Temple
  1524 | D:3      | Identified the +1 scimitar "Jaoll" {drain, Dex+3 Stlth+}
  1645 | D:3      | Found Zin's Purification Station.
  1646 | D:3      | Found a glowing silver altar of Zin.
  1727 | D:3      | Found a sparkling altar of Nemelex Xobeh.
  2476 | D:1      | Reached XP level 7. HP: 48/48 MP: 7/7
  3481 | D:3      | Found a burning altar of Makhleb.
  3698 | D:3      | Reached skill level 1 in Long Blades
  4398 | D:4      | Noticed Natasha
  4399 | D:4      | Noticed Blork the orc
  4832 | D:4      | Killed Blork the orc
  4833 | D:4      | Reached skill level 9 in Stealth
  5094 | D:4      | Killed Natasha
  5387 | D:4      | Noticed Natasha
  5395 | D:4      | Killed Natasha
  5611 | D:4      | Noticed Natasha
  5637 | D:4      | Killed Natasha
  5985 | D:5      | Killed Pikel
  5986 | D:5      | Reached skill level 5 in Short Blades
  5986 | D:5      | Reached skill level 10 in Stealth
  5986 | D:5      | Reached XP level 8. HP: 25/54 MP: 8/8
  6374 | D:6      | Noticed Sigmund
  7189 | D:7      | Reached skill level 5 in Fighting
  7366 | D:7      | Reached XP level 9. HP: 29/61 MP: 9/9
  7496 | D:7      | Found Fidim's Assorted Antiques.
  7553 | D:7      | Slain by a sky beast

Illustrated notes

Levels and vault maps discovered:
D:1:      psy_arrival_radial01, layout_basic
D:2:      layout_loops_ring, minmay_worlds_worst_comb
D:3:      layout_rooms, mainiacjoe_overflow_concentric_impassable,
          lemuel_coloured_pillars_altar, zin_purify, kennysheep_donut
D:4:      layout_basic, mainiacjoe_overflow_alcove_1,
          minmay_temple_entry_statues_fountains, nrook_mini_backslash,
          skrybe_limestone_x, hangedman_decor_diamond_cutter,
          minmay_misc_feat_roman, uniq_natasha, uniq_blork_the_orc
D:5:      layout_cave_pools, mainiacjoe_overflow_paths,
          kennysheep_generic_room_5, uniq_pikel
D:6:      layout_basic, nicolae_zen_rock_garden, serial_park_tiny_1,
          hangedman_decor_opposing, uniq_sigmund
D:7:      layout_loops_ring, serial_shops, shop
Temple:   hellmonk_temple_of_storms

Skill      XL: |  1  2  3  4  5  6  7  8 |
---------------+-------------------------+-----
Stealth        | 7 8 10 | 10.9
Short Blades   | 3 4 5 6 |  6.4
Dodging        | 3 4 |  4.5
Fighting       | 4 5 |  5.1
Long Blades    | 3 4 |  4.4

Action                     |  1- 3 |  4- 6 |  7- 9 || total
---------------------------+-------+-------+-------++-------
  Melee: Short sword       |    30 |    38 |     4 ||    72
         Tentacles         |    10 |    13 |    26 ||    49
         Constrict         |     8 |    11 |    29 ||    48
         Scimitar          |       |    40 |   126 ||   166
         Punch             |       |     1 |     1 ||     2
    Use: Potion            |       |       |     2 ||     2
   Stab: Sleeping          |       |    22 |    20 ||    42
         Distracted        |       |       |     1 ||     1
 Armour: Skin              |       |     3 |     3 ||     6
  Dodge: Dodged            |     8 |    32 |   107 ||   147
